 Dungeon Crawl Stone Soup version 0.23.2 (webtiles) character file.

Game seed: 12758926926505647247

172 Kairos the Sneak (level 5, -2/25 HPs)
             Began as a Spriggan Enchanter on Apr 8, 2019.
             Slain by a crimson imp (4 damage)
             ... on level 5 of the Dungeon.
             The game lasted 00:07:24 (3765 turns).

Kairos the Sneak (Spriggan Enchanter)               Turns: 3765, Time: 00:07:24

Health: -2/25      AC:  5    Str:  4    XL:     5   Next: 27%
Magic:  11/11      EV: 18    Int: 17    God:
Gold:   192        SH:  0    Dex: 17    Spells: 9/10 levels left

rFire    + . .     SeeInvis +   k - +2 dagger (drain)
rCold    . . .     Gourm    .   (shield restricted)
rNeg     . . .     Faith    .   b - +0 robe
rPois    .         Spirit   .   (helmet restricted)
rElec    .         Reflect  .   h - +2 cloak
rCorr    .         Harm     .   (gloves unavailable)
MR       .....                  (boots unavailable)
Stlth    +++.......             (no amulet)
HPRegen  0.08/turn              m - -2 ring of evasion (curse)
MPRegen  0.12/turn              i - ring of protection from fire

@: very quick
A: very small, unfitting armour, see invisible, herbivore, speed 3, slow
metabolism 2
a: no special abilities


You were on level 5 of the Dungeon.
You were hungry.

You visited 1 branch of the dungeon, and saw 7 of its levels.

You collected 192 gold pieces.

Inventory:

Hand Weapons
 a - a +4 dagger
 k - a +2 dagger of draining (weapon)
 l - a +0 short sword of venom
Armour
 b - a +0 robe (worn)
 h - a +2 cloak (worn)
Jewellery
 f - an uncursed ring of ice
 i - a ring of protection from fire (right hand)
 m - a cursed -2 ring of evasion (left hand)
Wands
 p - a wand of paralysis (11)
Scrolls
 j - a scroll of teleportation
 q - 2 scrolls of remove curse {unknown}
Potions
 c - a potion of flight
 e - a potion of degeneration
 g - 2 potions of heal wounds
 n - a potion of curing
 o - a potion of brilliance {unknown}
Comestibles
 d - 6 rations


   Skills:
 + Level 1.0 Fighting
 + Level 3.5 Short Blades
 + Level 4.4 Dodging
 + Level 5.5 Stealth
 + Level 3.4 Spellcasting
 + Level 3.9 Hexes


You had 9 spell levels left.
You knew the following spells:

 Your Spells              Type           Power        Failure   Level  Hunger
a - Corona                Hex            ###....      3%          1    None

Your spell library contained the following spells:

 Spells                   Type           Power        Failure   Level  Hunger
 Confuse                  Hex            ###.....     10%         3    ###....
 Tukima's Dance           Hex            ###.....     10%         3    ###....
 Ensorcelled Hibernation  Hex/Ice        #.....       12%         2    ##.....
 Freeze                   Ice            #...         17%         1    None
 Shock                    Conj/Air       #...         17%         1    None
 Dazzling Spray           Conj/Hex       #.....       22%         3    ###....
 Swiftness                Chrm/Air       #.......     26%         2    ##.....
 Throw Frost              Conj/Ice       #.....       26%         2    ##.....
 Ozocubu's Armour         Chrm/Ice       #.......     45%         3    ###....
 Static Discharge         Conj/Air       #.......     45%         3    ###....
 Airstrike                Air            #.........   86%         4    ####...
 Summon Ice Beast         Ice/Summ       #.......     86%         4    ####...
 Throw Icicle             Conj/Ice       #.......     86%         4    ####...
 Lightning Bolt           Conj/Air       #.........   99%         5    ######.


Dungeon Overview and Level Annotations

Branches:
Dungeon (7/15)
 Temple: D:4-7

Altars:
Fedhas

Portals:
Sewer: D:5

Annotations:
D:2 exclusion: oklob plant


Innate Abilities, Weirdness & Mutations

You are very small and have problems with some larger weapons.
You are too small for most types of armour.
You have supernaturally acute eyesight. (SInv)
You are a herbivore.
You cover ground extremely quickly.
You need to consume almost no food.


Message History

The gnoll barely misses you.
You hit the gnoll but do no damage.
The gnoll is heavily wounded.
The crimson imp misses you.
You hit the gnoll but do no damage. You drain the gnoll.
The gnoll is severely wounded.
The crimson imp closely misses you. The gnoll hits you with a +0 club.
* * * LOW HITPOINT WARNING * * *
* * * LOW HITPOINT WARNING * * *
You feel sick.
You are no longer poisoned.
The crimson imp blinks!
The crimson imp disappears for a moment.
You hit the crimson imp but do no damage.
The crimson imp barely misses you.
You hit the crimson imp but do no damage.
You hit the crimson imp.
The crimson imp is lightly wounded.
The crimson imp hits you.
You die...

##.# #. ##...##.
###......### ##
######
...........##.#
...... #.#..#.#.#
......
#)..#)..#####...###
#.#.##....(.....#
#..5......####..#
#.@##'##..# ##..##
#..#≈≈≈#.!# #....#
#..#≈≈≈#.####.....#
#..#≈∩≈#.###.......
#..#≈≈≈#.....###...
#..#≈≈≈#.#...# ##..
#..#####.##..## ##.
##...g.g.##...## #.
#.#######.....###.


You could see 2 gnolls and a crimson imp.

Vanquished Creatures
  A worker ant (D:5)
  A hound skeleton (D:5)
  Robin (D:2)
  A gnoll (D:5)
  5 adders
  3 oozes
  A dart slug (D:2)
  2 leopard geckos
  4 bats
  4 giant cockroaches
  10 goblins
  10 hobgoblins
  A kobold (D:3)
  A quokka (D:7)
  4 ball pythons
  3 frilled lizards (D:2)
  4 rats (D:1)
56 creatures vanquished.

Vanquished Creatures (others)
  15 toadstools (D:2)
15 creatures vanquished.

Grand Total: 71 creatures vanquished

Notes
Turn   | Place    | Note
-------+----------+-------------------------------------------
     0 | D:1      | Kairos the Spriggan Enchanter began the quest for the Orb.
     0 | D:1      | Reached XP level 1. HP: 9/9 MP: 5/5
   634 | D:1      | Reached XP level 2. HP: 9/13 MP: 7/7
  1412 | D:1      | Reached XP level 3. HP: 14/16 MP: 8/8
  1757 | D:2      | Noticed Robin
  1985 | D:2      | Killed Robin
  2599 | D:2      | Found a blossoming altar of Fedhas.
  2609 | D:2      | Noticed an oklob plant
  2755 | D:2      | Reached XP level 4. HP: 21/21 MP: 10/10
  3107 | D:3      | You fall through a shaft for 2 floors!
  3107 | D:5      | Entered Level 5 of the Dungeon
  3138 | D:5      | Reached skill level 5 in Stealth
  3195 | D:4      | Noticed an ogre
  3458 | D:5      | You fall through a shaft for 2 floors!
  3506 | D:7      | Noticed an ice beast
  3516 | D:6      | Noticed a bullfrog
  3624 | D:5      | Reached XP level 5. HP: 20/25 MP: 11/11
  3687 | D:5      | Found a glowing drain.
  3727 | D:5      | Reached skill level 1 in Fighting
  3743 | D:5      | HP: 1/25 [poisoned by an adder]
  3765 | D:5      | Slain by a crimson imp

Skill      XL: |  1  2  3  4  5 |
---------------+----------------+-----
Spellcasting   | 3 |  3.4
Short Blades   | 2 3 |  3.5
Dodging        | 4 |  4.4
Stealth        | 5 |  5.5
Fighting       | 1 |  1.0
Hexes          | |  3.9

Action                   |  1- 3 |  4- 6 || total
-------------------------+-------+-------++-------
Melee: Dagger            |   167 |    92 ||   259
 Cast: Corona            |     7 |       ||     7
  Use: Scroll            |     3 |     8 ||    11
 Stab: Sleeping          |     7 |     3 ||    10
Armor: Robe              |    19 |    13 ||    32
Dodge: Dodged            |   151 |    59 ||   210
